 Dungeon Crawl Stone Soup version 0.30-a0-723-gc1506a1cf0 (webtiles) character file.

Game seed: 9694152621931719511

65 Leeroy the Grasshopper (level 4, -11/38 HPs)
             Began as a Gnoll Warper on Jan 28, 2023.
             Killed by divine providence
             ... invoked by an orc priest
              (14 damage)
             ... on level 2 of the Dungeon.
             The game lasted 00:01:56 (1915 turns).

Leeroy the Grasshopper (Gnoll Warper)               Turns: 1915, Time: 00:01:56

Health: -11/38     AC:  3    Str: 10    XL:     4   Next: 14%
Magic:  11/11      EV: 11    Int: 18    God:
Gold:   125        SH:  7    Dex: 14    Spells: 11/13 levels left

rFire   . . .      SeeInvis .    a - +0 falchion
rCold   . . .      Faith    .    i - +0 kite shield
rNeg    . . .      Spirit   .    b - +0 leather armour
rPois   .          Reflect  .    (no helmet)
rElec   .          Harm     .    (no cloak)
rCorr   .          Rampage  .    (no gloves)
Will    .....                    (no boots)
Stlth   +                        (no amulet)
HPRegen 0.26/turn                l - ring of flight
MPRegen 0.12/turn                n - +6 ring of intelligence

@: flying
A: fangs 1, strong nose, distributed training
a: no special abilities


You were on level 2 of the Dungeon.
You visited 1 branch of the dungeon, and saw 3 of its levels.

You collected 125 gold pieces.

Inventory:

Hand Weapons
 a - a +0 falchion (weapon)
Missiles
 d - 7 boomerangs of dispersal (quivered)
 v - 2 boomerangs
Armour
 b - a +0 leather armour (worn)
 i - a +0 kite shield (worn)
Jewellery
 l - a ring of flight (left hand)
 n - a +6 ring of intelligence (right hand)
Scrolls
 c - a scroll of blinking
 f - a scroll of immolation {unknown}
 k - a scroll of fog {unknown}
 o - 2 scrolls of teleportation {unknown}
 s - a scroll of butterflies {unknown}
 t - a scroll of poison {unknown}
 u - a scroll of brand weapon {unknown}
Potions
 e - 3 potions of attraction {unknown}
 g - a potion of cancellation {unknown}
 h - 2 potions of mutation {unknown}
 j - a potion of lignification {unknown}
 m - a potion of flight {unknown}
 p - a potion of might {unknown}
 q - 3 potions of heal wounds {unknown}
 r - a potion of curing {unknown}


   Skills:
 + Level 4.6 Fighting
 + Level 1.1 Short Blades
 + Level 4.6 Long Blades
 + Level 1.1 Axes
 + Level 1.1 Maces & Flails
 + Level 1.1 Polearms
 + Level 1.1 Staves
 + Level 1.1 Ranged Weapons
 + Level 2.7 Throwing
 + Level 2.7 Armour
 + Level 4.6 Dodging
 + Level 1.1 Stealth
 + Level 1.1 Shields
 + Level 1.1 Unarmed Combat
 + Level 5.0 Spellcasting
 + Level 0.8 Conjurations
 + Level 0.8 Hexes
 + Level 0.8 Summonings
 + Level 0.8 Necromancy
 + Level 5.4 Translocations
 + Level 0.8 Transmutations
 + Level 0.8 Fire Magic
 + Level 0.8 Ice Magic
 + Level 0.8 Air Magic
 + Level 0.8 Earth Magic
 + Level 0.8 Poison Magic
 + Level 1.2 Invocations
 + Level 1.1 Evocations


You had 11 spell levels left.
You knew the following spells:

 Your Spells              Type           Power      Damage    Failure   Level
a - Blink                 Tloc           48%        N/A       10%         2

Your spell library contained the following spells:

 Spells                   Type           Power      Damage    Failure   Level
 Lesser Beckoning         Tloc           48%        N/A       10%         2
 Teleport Other           Tloc           24%        N/A       19%         3
 Vhi's Electric Charge    Tloc/Air       32%        N/A       45%         3
 Manifold Assault         Tloc           24%        N/A       54%         4


Dungeon Overview and Level Annotations

Branches:
Dungeon (3/15)

Altars:


Innate Abilities, Weirdness & Mutations

You have very sharp teeth.
Your uncanny sense of smell can sniff out nearby items.
Your experience applies equally to all skills.


Message History

You slash the orc!
You kill the orc!
You start resting.
HP restored.
You start waiting.
Done waiting.
You fly downwards.
The orc misses you. The orc hits you but does no damage.
The orc hits you with a +0 morningstar. The orc barely misses you.
The orc closely misses you. You block the orc's attack.
There is a stone staircase leading up, spattered with blood here.
You block the orc's attack.
The orc priest hits you with a +0 flail.
The orc barely misses you. x2
You fly upwards.
There is a stone staircase leading down here.
You hit the orc priest.
The orc priest is moderately wounded.
You block the orc's attack. The orc hits you with a +0 mace.
The orc priest calls down the wrath of Beogh upon you.
Beogh smites you!
You are too injured to fight recklessly!
You hit the orc priest.
The orc priest is heavily wounded.
The orc completely misses you. The orc barely misses you.
The orc priest mumbles some strange prayers to Beogh against you.
Beogh smites you!
* * * LOW HITPOINT WARNING * * *
You closely miss the orc priest.
You bite the orc priest, but do no damage.
The orc priest is heavily wounded.
The orc closely misses you. The orc barely misses you.
The orc priest hits you with a +0 flail.
* * * LOW HITPOINT WARNING * * *
You closely miss the orc priest.
The orc priest is heavily wounded.
You block the orc's attack. The orc hits you with a +0 mace.
* * * LOW HITPOINT WARNING * * *
The orc priest invokes the aid of Beogh against you.
Beogh smites you!
You die...

######### #....<..#
####.#####.#
.......###.###########
#.#..#........oo@o...#
#.#...###..###.##o##.#
#.#...# #..# #.#...#.#
#.##..###..# #.#.#.#.#
#.##.......# #.#...#.#
#..........# #.......#
####.......# #....####
# #.......# #.#### #
#.>.....# #.#


You could see an orc priest and 3 orcs.

Vanquished Creatures
  2 adders
  2 dart slugs (D:1)
  2 orcs
  3 bats (D:1)
  6 endoplasms
  3 giant cockroaches
  A goblin (D:1)
  7 hobgoblins
  A kobold (D:1)
  2 quokkas
  2 frilled lizards
  6 rats
37 creatures vanquished.

Notes
Turn   | Place    | Note
-------+----------+-------------------------------------------
     0 | D:1      | Leeroy the Gnoll Warper began the quest for the Orb.
     0 | D:1      | Reached XP level 1. HP: 20/20 MP: 6/6
   198 | D:1      | Reached XP level 2. HP: 22/26 MP: 7/7
   329 | D:1      | Learned a level 2 spell: Blink
   463 | D:1      | Reached skill level 5 in Spellcasting
   463 | D:1      | Reached XP level 3. HP: 31/31 MP: 7/9
  1147 | D:2      | Reached skill level 1 in Invocations
  1263 | D:2      | Reached skill level 1 in Short Blades
  1263 | D:2      | Reached skill level 1 in Axes
  1263 | D:2      | Reached skill level 1 in Maces & Flails
  1263 | D:2      | Reached skill level 1 in Polearms
  1263 | D:2      | Reached skill level 1 in Staves
  1263 | D:2      | Reached skill level 1 in Ranged Weapons
  1263 | D:2      | Reached skill level 1 in Stealth
  1263 | D:2      | Reached skill level 1 in Shields
  1263 | D:2      | Reached skill level 1 in Unarmed Combat
  1263 | D:2      | Reached skill level 1 in Evocations
  1420 | D:2      | Found a faded altar of an unknown god.
  1631 | D:3      | Reached XP level 4. HP: 36/38 MP: 11/11
  1915 | D:2      | Killed from afar by an orc priest

Illustrated notes

Levels and vault maps discovered:
D:1:      lemuel_arrival_muddy, layout_basic, corexii_leaking_fountain,
          minmay_misc_feat_roman
D:2:      layout_loops_cross, hellmonk_ecumenical_altar_arch_garden
D:3:      minmay_wonky_spiral, layout_rooms, overflow_temple_1_default,
          st_stairs_8, palyth_stone_intersect, dreamdust_wishing_well,
          kennysheep_generic_room_12

Skill      XL: |  1  2  3 |
---------------+----------+-----
Spellcasting   | 5 |  5.0
Invocations    | 1 |  1.2
Short Blades   | 1 |  1.1
Axes           | 1 |  1.1
Maces & Flails | 1 |  1.1
Polearms       | 1 |  1.1
Staves         | 1 |  1.1
Ranged Weapons | 1 |  1.1
Stealth        | 1 |  1.1
Shields        | 1 |  1.1
Unarmed Combat | 1 |  1.1
Evocations     | 1 |  1.1
Fighting       | |  4.6
Long Blades    | |  4.6
Throwing       | |  2.7
Armour         | |  2.7
Dodging        | |  4.6
Conjurations   | |  0.8
Hexes          | |  0.8
Summonings     | |  0.8
Necromancy     | |  0.8
Translocations | |  5.4
Transmutations | |  0.8
Fire Magic     | |  0.8
Ice Magic      | |  0.8
Air Magic      | |  0.8
Earth Magic    | |  0.8
Poison Magic   | |  0.8

Action                     |  1- 3 |  4- 6 || total
---------------------------+-------+-------++-------
  Melee: Falchion          |   118 |    20 ||   138
         Bite              |    16 |     3 ||    19
   Stab: Sleeping          |     1 |       ||     1
 Armour: Leather armour    |    33 |     5 ||    38
  Dodge: Dodged            |    69 |    15 ||    84
  Block: Kite shield       |    37 |     9 ||    46

Table legend: (Time is in decaauts)
 A = Elapsed time spent in this place.
 B = Non-inter-level travel time spent in this place.
 C = Inter-level travel time spent in this place.
 D = Time resting spent in this place.
 E = Time spent auto-exploring this place.
 F = Levels seen in this place.
 G = Mean time per level.
                   A        B        C        D        E       F      G
               +--------+--------+--------+--------+--------+-----+--------+
         Total |   1948 |   1878 |     70 |    233 |   1275 |   3 |  649.3 |
       Dungeon |   1948 |   1878 |     70 |    233 |   1275 |   3 |  649.3 |
               +--------+--------+--------+--------+--------+-----+--------+

Top non-repeatable levels by time:
     D:1: 956 daAuts
     D:2: 918 daAuts
     D:3: 73 daAuts
